 Dungeon Crawl Stone Soup version 0.28.0-53-g5a82cb258f (webtiles) character file.

Game seed: 7157160623636298200

20426 concernfroge the Thaumaturge (level 12, -2/68 HPs)
             Began as a Deep Elf Conjurer on July 4, 2022.
             Was a Believer of Sif Muna.
             Engulfed by a cloud of freezing vapour (8 damage)
             ... in an ice cave.
             The game lasted 00:50:12 (13677 turns).

concernfroge the Thaumaturge (Deep Elf Conjurer)   Turns: 13677, Time: 00:50:12

Health: -2/68      AC:  9    Str:  4    XL:     12   Next: 45%
Magic:  35/38      EV: 15    Int: 31    God:    Sif Muna [**....]
Gold:   1303       SH:  5    Dex: 13    Spells: 12/34 levels left

rFire   . . .      SeeInvis .   e - staff of conjuration
rCold   . . .      Faith    .   (no shield)
rNeg    . . .      Spirit   .   a - +0 robe
rPois   +          Reflect  +   B - +1 helmet
rElec   .          Harm     .   f - scarf {repulsion}
rCorr   .          Rampage  .   A - +0 pair of gloves
Will    +....      Clarity  +   t - +1 pair of boots
Stlth   ++........              j - amulet of reflection
HPRegen 0.21/turn               i - ring of magical power
MPRegen 0.26/turn               m - ring of poison resistance

@: repel missiles
A: iridescent scales 1, clarity, clever 1, inhibited regeneration
a: Renounce Religion, Channel Magic


You were in an ice cave.
You worshipped Sif Muna.
Sif Muna was pleased with you.
You visited 3 branches of the dungeon, and saw 14 of its levels.
You also visited: Ice Cave.

You collected 1303 gold pieces.

Inventory:

Armour
 a - a +0 robe (worn)
 f - a scarf of repulsion (worn)
 g - a +2 cloak of poison resistance
 t - a +1 pair of boots (worn)
 A - a +0 pair of gloves (worn)
 B - a +1 helmet (worn)
Magical Staves
 e - a staff of conjuration (weapon)
Jewellery
 i - a ring of magical power (left hand)
 j - an amulet of reflection (around neck)
 m - a ring of poison resistance (right hand)
 v - a ring of see invisible
 x - a ring of protection from cold
Wands
 u - a wand of iceblast (2)
 C - a wand of polymorph (7)
Scrolls
 b - a scroll of vulnerability
 c - 2 scrolls of fear
 l - 3 scrolls of amnesia
 s - a scroll of brand weapon
 w - 4 scrolls of teleportation
 z - a scroll of magic mapping
Potions
 d - 3 potions of mutation
 k - 5 potions of attraction
 n - 2 potions of heal wounds
 o - 6 potions of curing
 p - a potion of magic
 q - 2 potions of ambrosia
 r - a potion of lignification


   Skills:
 + Level 5.1 Fighting
 + Level 8.0 Dodging
 - Level 2.4 Stealth
 - Level 11.8 Spellcasting
 - Level 10.6 Conjurations
 - Level 11.0 Hexes
 - Level 8.2 Translocations
 + Level 6.8 Invocations
 + Level 6.6 Evocations


You had 12 spell levels left.
You knew the following spells:

 Your Spells              Type           Power      Damage    Failure   Level
a - Magic Dart            Conj           100%       1d8       1%          1
b - Searing Ray           Conj           100%       2d8       1%          2
c - Dazzling Flash        Conj/Hex       100%       N/A       1%          3
d - Fulminant Prism       Conj/Hex       45%        3d21      1%          4
e - Iskenderun's Mystic   Conj/Tloc      86%        2d17      1%          4
f - Tukima's Dance        Hex            72%        N/A       1%          3
g - Slow                  Hex            100%       N/A       1%          1
h - Passage of Golubria   Tloc           62%        N/A       1%          4

Your spell library contained the following spells:

 Spells                   Type           Power      Damage    Failure   Level
 Confusing Touch          Hex            72%        N/A       1%          3
 Inner Flame              Hex/Fire       51%        N/A       1%          3
 Portal Projectile        Hex/Tloc       100%       N/A       1%          3
 Sting                    Tmut/Pois      72%        1d6       2%          1
 Leda's Liquefaction      Hex/Erth       25%        N/A       2%          4
 Poisonous Vapours        Pois/Air       36%        N/A       4%          2
 Yara's Violent Unravell  Hex/Tmut       25%        3d11      8%          5
 Call Canine Familiar     Summ           18%        N/A       9%          3
 Frozen Ramparts          Ice            36%        1d5       9%          3
 Vampiric Draining        Necr           18%        2d7       9%          3
 Animate Armour           Summ/Erth      36%        N/A       26%         4
 Ice Form                 Ice/Tmut       18%        N/A       26%         4
 Olgreb's Toxic Radiance  Pois           18%        N/A       26%         4
 Summon Ice Beast         Ice/Summ       18%        N/A       26%         4
 Monstrous Menagerie      Summ           9%         N/A       100%        7


Dungeon Overview and Level Annotations

Branches:
Dungeon (8/15)             Temple (1/1) D:7            Lair (5/6) D:8
 Shoals (0/4) Lair:2       Spider (0/4) Lair:2        IceCv (1/1)
  Slime: Lair:5-6

Altars:
Ashenzari
Cheibriados
Dithmenos
Elyvilon
Fedhas
Gozag
Kikubaaqudgha
Makhleb
Nemelex Xobeh
Okawaru
Qazlal
Ru
Sif Muna
Trog
Uskayaw
Vehumet
Wu Jian
Xom
Yredelemnul
Zin
The Shining One

Shops:
D:6 =   D:8 !

Annotations:
D:2 Sigmund
D:8 2 transporters IceCv exclusion: ice statue


Innate Abilities, Weirdness & Mutations

You are partially covered in iridescent scales. (AC +2)
You possess an exceptional clarity of mind.
Your mind is acute. (Int +2)
You do not regenerate when monsters are visible.


Message History

You hear an explosion!
You feel less invigorated.
There is an ice choked empty arch of ancient stone here.
There is an ice covered gate leading back out of this place here.
You start resting.
Magic restored.
You start resting.
HP restored.
There is an ice choked empty arch of ancient stone here.
A white imp comes into view.
Casting: Iskenderun's Mystic Blast (dangerous; 1% risk of failure)
Confirm with . or Enter, or press ? or * to list all spells.
Aiming: Fulminant Prism (safe; 1% risk of failure)
Press: ? - help, Dir - move target You feel a surge of power!
You conjure a prism of explosive energy!
A fulminant prism comes into view.
You are engulfed in freezing vapours.
You are engulfed in freezing vapours.
Your fulminant prism crackles loudly.
Casting: Fulminant Prism (safe; 1% risk of failure)
Confirm with . or Enter, or press ? or * to list all spells.
Aiming: Magic Dart (safe; 1% risk of failure)
Press: ? - help, Shift-Dir - straight line, f - white imp
Aim: a white imp (ally target, 100% to hit)
You feel a surge of power!
The magic dart hits the white imp but does no damage.
You are engulfed in freezing vapours.
* * * LOW HITPOINT WARNING * * *
Your fulminant prism explodes!
The blast of energy engulfs the white imp!!
You kill the white imp!
Sif Muna accepts your kill.
You feel much better.
You are engulfed in freezing vapours.
You're standing in a cloud of freezing vapour!
You are engulfed in freezing vapours.
* * * LOW HITPOINT WARNING * * *
You start resting.
You are engulfed in freezing vapours.
You die...

##........##
#..........## .
##..........#..
#..............
#............#
#..§.......#
#8#.☼§.#.###
##§§#####
##§§@##☼##
##§§#§§☼§°#
#..##○○○#°.§#
#...######§.☼§#
##...## ..#§..
##...# #.....
##...# #...#
#...## ####
##...##


There were no monsters in sight!

Vanquished Creatures
  2 hydras
  A two-headed ogre (D:8)
  5 death yaks (Lair:4)
  An ice statue (IceCv)
  A black mamba (Lair:1)
  8 cane toads
  A freezing wraith (IceCv)
  6 ice devils (IceCv)
  An entropy weaver simulacrum (IceCv)
  6 komodo dragons
  A polar bear (Lair:2)
  A hornet (D:8)
  A wyvern (Lair:4)
  23 yaks
  7 basilisks
  A dancing weapon (D:4)
  Eustachio (D:4)
  A redback (Lair:2)
  A steam dragon (D:3)
  A harpy simulacrum (IceCv)
  7 water moccasins
  An orc warrior (D:8)
  2 black bears
  7 wolves
  5 centaurs
  A kobold brigand (D:8)
  6 bullfrogs
  2 scorpions
  A wyvern zombie (D:5)
  2 two-headed ogre simulacra (IceCv)
  2 elephant simulacra (IceCv)
  7 wights
  2 howler monkeys (D:7)
  An electric eel (Lair:3)
  2 centaur zombies
  A hound (D:4)
  3 orc priests
  A jelly (D:6)
  Crazy Yiuf (D:2)
  A gnoll shaman (D:6)
  5 hell rats (Lair:3)
  3 iguanas
  2 orc wizards
  2 spriggan simulacra (IceCv)
  A polar bear simulacrum (IceCv)
  4 troll simulacra (IceCv)
  A wolf simulacrum (IceCv)
  A hound skeleton (D:5)
  A howler monkey zombie (D:6)
  3 adders
  3 gnolls (D:6)
  4 naga simulacra (IceCv)
  A shadow imp (D:6)
  3 white imps
  An ufetubus (IceCv)
  A worm (D:2)
  2 dart slugs
  9 orcs
  6 ball pythons
  9 endoplasms
  2 giant cockroaches
  4 goblins
  4 hobgoblins
  2 quokkas
  4 bats
  5 frilled lizards
  A goblin skeleton (D:6)
  A goblin zombie (D:6)
  3 hobgoblin zombies (D:6)
  8 kobolds
  2 kobold skeletons (D:6)
  A kobold zombie (D:6)
  An orc skeleton (D:6)
  12 rats
237 creatures vanquished.

Vanquished Creatures (others)
  An ufetubus (IceCv)
  157 fulminant prisms
  52 fungi
  58 plants
  2 withered plants (D:6)
270 creatures vanquished.

Grand Total: 507 creatures vanquished

Notes
Turn   | Place    | Note
-------+----------+-------------------------------------------
     0 | D:1      | concernfroge the Deep Elf Conjurer began the quest for the
                  | Orb.
     0 | D:1      | Reached XP level 1. HP: 10/10 MP: 6/6
   141 | D:1      | You fall into a shaft and drop 1 floor!
   222 | D:2      | Reached XP level 2. HP: 15/15 MP: 4/8
   635 | D:1      | Found a faded altar of an unknown god.
   883 | D:1      | Learned a level 2 spell: Searing Ray
  1065 | D:2      | Reached skill level 5 in Conjurations
  1065 | D:2      | Reached XP level 3. HP: 19/19 MP: 8/10
  1069 | D:2      | Learned a level 3 spell: Dazzling Flash
  1572 | D:2      | Found a runed translucent door.
  1573 | D:2      | Noticed Crazy Yiuf
  1580 | D:2      | Killed Crazy Yiuf
  1581 | D:2      | Reached skill level 1 in Hexes
  1581 | D:2      | Reached XP level 4. HP: 24/24 MP: 6/12
  1752 | D:2      | Found an opulent altar of Gozag.
  1825 | D:2      | Noticed Sigmund
  1826 | D:2      | Identified a scroll of acquirement
  1826 | D:2      | Acquired a staff of conjuration
  1895 | D:3      | Learned a level 4 spell: Fulminant Prism
  2072 | D:3      | Found a bloodstained altar of Trog.
  2113 | D:3      | Noticed a steam dragon
  2117 | D:3      | Killed a steam dragon
  2118 | D:3      | Reached skill level 5 in Spellcasting
  2118 | D:3      | Reached XP level 5. HP: 7/28 MP: 6/14
  2477 | D:3      | Learned a level 4 spell: Iskenderun's Mystic Blast
  2664 | D:3      | Found a white marble altar of Elyvilon.
  2666 | D:3      | Found an ornate altar of the Wu Jian Council.
  2666 | D:3      | Found an opulent altar of Gozag.
  2667 | D:3      | Found a glowing silver altar of Zin.
  2667 | D:3      | Found a blossoming altar of Fedhas.
  2667 | D:3      | Found a snail-covered altar of Cheibriados.
  3075 | D:4      | Reached XP level 6. HP: 32/32 MP: 16/16
  3576 | D:4      | Noticed Eustachio
  3610 | D:4      | Learned a level 3 spell: Tukima's Dance
  3698 | D:4      | Found a shadowy altar of Dithmenos.
  3792 | D:4      | Killed Eustachio
  3793 | D:4      | Reached XP level 7. HP: 36/36 MP: 14/18
  4059 | D:5      | Entered Level 5 of the Dungeon
  4122 | D:5      | Reached skill level 5 in Hexes
  4163 | D:5      | Learned a level 1 spell: Slow
  4215 | D:5      | Found a hide-covered altar of Uskayaw.
  4226 | D:5      | Reached skill level 1 in Translocations
  4297 | D:5      | Found an iron altar of Okawaru.
  4311 | D:5      | Gained mutation: You do not regenerate when monsters are
                  | visible. [potion of mutation]
  4311 | D:5      | Gained mutation: You are partially covered in iridescent
                  | scales. (AC +2) [potion of mutation]
  4311 | D:5      | Gained mutation: You possess an exceptional clarity of
                  | mind. [potion of mutation]
  4311 | D:5      | Gained mutation: Your mind is acute. (Int +2) [potion of
                  | mutation]
  4932 | D:6      | Found a glowing golden altar of the Shining One.
  5272 | D:6      | Found an ancient bone altar of Kikubaaqudgha.
  5568 | D:6      | Found Kihodoa's Jewellery Shop.
  5703 | D:7      | Reached XP level 8. HP: 41/41 MP: 21/21
  6305 | D:7      | Found a staircase to the Ecumenical Temple.
  6312 | Temple   | Entered the Ecumenical Temple
  6548 | Temple   | Became a worshipper of Sif Muna the Loreminder
  6710 | D:8      | Found Woniry's Distillery.
  6718 | D:8      | Noticed a hornet
  6720 | D:8      | Noticed a two-headed ogre
  6728 | D:8      | Killed a hornet
  6910 | D:8      | Reached XP level 9. HP: 45/45 MP: 15/23
  6914 | D:8      | Reached skill level 5 in Translocations
  7221 | D:8      | Killed a two-headed ogre
  7222 | D:8      | Reached skill level 10 in Spellcasting
  7227 | D:8      | Learned a level 4 spell: Passage of Golubria
  7557 | D:8      | Found a transporter.
  7598 | D:8      | Reached * piety under Sif Muna
  7616 | D:8      | Found a staircase to the Lair.
  7673 | D:8      | Found a transporter.
  7783 | Lair:1   | Entered Level 1 of the Lair of Beasts
  7879 | Lair:1   | Reached XP level 10. HP: 50/50 MP: 22/26
  8009 | Lair:1   | Noticed a cane toad
  8013 | Lair:1   | Killed a cane toad
  8022 | Lair:1   | Noticed a cane toad
  8025 | Lair:1   | Killed a cane toad
  8029 | Lair:1   | Reached skill level 10 in Hexes
  8032 | Lair:1   | Reached skill level 10 in Conjurations
  8053 | Lair:1   | Noticed a black mamba
  8060 | Lair:1   | Killed a black mamba
  8311 | Lair:1   | Noticed a cane toad
  8317 | Lair:1   | Killed a cane toad
  8383 | Lair:1   | Identified the +0 plate armour "Cuiweol" {Str+4 Slay+3
                  | SInv}
  8433 | Lair:1   | Noticed a four-headed hydra
  8439 | Lair:1   | Killed a four-headed hydra
  8440 | Lair:1   | Noticed a cane toad
  8443 | Lair:1   | Killed a cane toad
  8947 | Lair:2   | Reached skill level 1 in Invocations
  8947 | Lair:2   | Reached XP level 11. HP: 55/55 MP: 28/28
  8971 | Lair:2   | Reached skill level 1 in Fighting
  8971 | Lair:2   | Reached skill level 1 in Evocations
  9611 | Lair:2   | Found a staircase to the Shoals.
  9791 | Lair:2   | Found a hole to the Spider Nest.
 10252 | Lair:2   | Acquired 656 gold pieces
 10629 | Lair:3   | Reached skill level 5 in Dodging
 10635 | Lair:3   | Reached ** piety under Sif Muna
 11806 | Lair:4   | Reached skill level 5 in Invocations
 11817 | Lair:4   | Noticed a seven-headed hydra
 11824 | Lair:4   | Killed a seven-headed hydra
 11825 | Lair:4   | Reached skill level 5 in Evocations
 12093 | Lair:4   | Noticed a death yak
 12094 | Lair:4   | Noticed a death yak
 12095 | Lair:4   | Noticed a death yak
 12095 | Lair:4   | Noticed a death yak
 12097 | Lair:4   | Killed a death yak
 12098 | Lair:4   | Noticed a death yak
 12100 | Lair:4   | Killed a death yak
 12101 | Lair:4   | Reached XP level 12. HP: 66/66 MP: 21/29
 12102 | Lair:4   | Killed a death yak
 12103 | Lair:4   | Killed a death yak
 12106 | Lair:4   | Killed a death yak
 12299 | Lair:4   | Got Maq Cyam's Guide on the Enchanting Escort
 12966 | Lair:5   | Found a frozen archway.
 12975 | IceCv    | Entered an ice cave
 13233 | IceCv    | Reached skill level 5 in Fighting
 13677 | IceCv    | Engulfed by a cloud of freezing vapour

Illustrated notes

Levels and vault maps discovered:
D:1:      lemuel_arrival_river_ford, layout_rooms,
          ebering_ecumenical_altar_sacrificial
D:2:      layout_basic, basic_altar, minmay_rat_gold_closets,
          uniq_crazy_yiuf_cottage, uniq_sigmund
D:3:      layout_loops_ring, grunt_temple_overflow_open,
          mainiacjoe_overflow_boulevard, kennysheep_cross_bottleneck
D:4:      layout_loops_ring, mainiacjoe_overflow_alcove_4, uniq_eustachio
D:5:      layout_gridville, lemuel_round_altar, eat_drink_and_be_merry_uskayaw
D:6:      layout_loops_cross, nicolae_tso_besieged_by_evil,
          kiku_gazebo_garden_becter, serial_shops, shop
D:7:      layout_rooms, minmay_temple_entry_overgrown
D:8:      gammafunk_steamed_eel, layout_rooms, due_lair_maze_entry_diamond,
          serial_shops, nicolae_shop_trees
Temple:   jpeg_temple_island
Lair:1:   layout_regular_city
Lair:2:   layout_cave_pods, minmay_shoals_entry_centaurs,
          spider_nest_entry_webs, gauntlet_entry_generic,
          grunt_forest_small_clearings, minmay_stone_trees_large
Lair:3:   hellmonk_destroyed_diamonds, layout_loops_ring, grunt_megastairs_5,
          infiniplex_staircase_pool
Lair:4:   layout_layer_cave, kennysheep_basilisk_garden
Lair:5:   layout_hall_layers, slime_altar_2, portal_ice_cave_entry_pillars_1
IceCv:    ice_cave_small_demon

Skill      XL: |  1  2  3  4  5  6  7  8  9 10 11 12 |
---------------+-------------------------------------+-----
Spellcasting   | 4 5 6 7 8 10 11 | 11.8
Conjurations   | 5 6 7 8 9 10 | 10.6
Hexes          | 1 3 4 6 7 9 11 | 11.0
Translocations | 2 4 6 8 |  8.2
Invocations    | 1 5 6 |  6.8
Fighting       | 4 5 |  5.1
Dodging        | 6 8 |  8.0
Evocations     | 5 6 |  6.6
Stealth        | |  2.4

Action                   |  1- 3 |  4- 6 |  7- 9 | 10-12 || total
-------------------------+-------+-------+-------+-------++-------
Melee: Quarterstaff      |       |     4 |       |       ||     4
       Staff             |       |       |     3 |       ||     3
 Cast: Magic Dart        |    47 |    27 |    48 |    54 ||   176
       Searing Ray       |    13 |    12 |    15 |    24 ||    64
       Fulminant Prism   |       |    12 |    41 |   105 ||   158
       Tukima's Dance    |       |     1 |       |       ||     1
       Slow              |       |       |     1 |       ||     1
       Iskenderun's Myst |       |       |     9 |    29 ||    38
       Passage of Golubr |       |       |       |     1 ||     1
Invok: Channel Magic     |       |       |       |     5 ||     5
Evoke: Wand              |       |       |       |     1 ||     1
  Use: Scroll            |     2 |     3 |     7 |     9 ||    21
       Potion            |     1 |       |     8 |     1 ||    10
Armor: Robe              |     3 |     3 |     8 |     5 ||    19
Dodge: Dodged            |     3 |     6 |    12 |    13 ||    34
Block: Other             |       |       |     4 |     3 ||     7
       Reflection        |       |       |     1 |     1 ||     2
